cohdb
Replays
Latest Replays
All Replays
Popular Replays
Top Player Replays
Match Explorer
How It Works
Community
CoH3 Stats
Reddit
Sign in to upload your games and track your stats! →
Sign in with Steam
Match 46039569
Unlisted
Match 46039569
Overview
Messages
Build Orders
End
Vickers Machine Gun Team
Construct Section Command Post
Dingo Light Scout Car
Infantry Section
Infantry Section
Grenade Package
Construct Platoon Command Post
6-pounder Anti-tank Gun Team
Infantry Section
Unlock Bishop Self-propelled Artillery
Bishop Self-propelled Artillery
Infantry Training
6-pounder Anti-tank Gun Team
6-pounder Anti-tank Gun Team
剩者为王
506767261
顶风射十米
DawarudoDestroya
Kampfstärke
小德子
spinn72
雨会代替思念
0
0
Comments
sign in to comment!
No comments posted yet!